 Dungeon Crawl Stone Soup version 0.22-a0-109-gbeb7240 (webtiles) character file.

51 Kavrick the Skirmisher (level 3, -1/29 HPs)
             Began as a Demonspawn Fighter on Jan 26, 2018.
             Slain by a worm (4 damage)
             ... on level 3 of the Dungeon.
             The game lasted 00:01:29 (1670 turns).

Kavrick the Skirmisher (Demonspawn Fighter)         Turns: 1670, Time: 00:01:30

Health: -1/29      AC:  6    Str: 22    XL:     3   Next: 57%
Magic:  3/3        EV:  8    Int:  9    God:
Gold:   104        SH:  9    Dex: 12    Spells: 2/2 levels left

rFire    . . .     SeeInvis .   a - +0 long sword
rCold    . . .     Gourm    .   c - +0 shield
rNeg     . . .     Faith    .   b - +0 scale mail
rPois    .         Spirit   .   (no helmet)
rElec    .         Reflect  .   (no cloak)
rCorr    .         Harm     .   (no gloves)
MR       .....                  (no boots)
Stlth    ..........             (no amulet)
HPRegen  0.09/turn              (no ring)
MPRegen  0.08/turn              (no ring)

@: mighty
A: sturdy frame 1
a: no special abilities


You were on level 3 of the Dungeon.
You were near starving.

You visited 1 branch of the dungeon, and saw 3 of its levels.

You collected 104 gold pieces.

Inventory:

Hand Weapons
 a - a +0 long sword (weapon)
Armour
 b - a +0 scale mail (worn)
 c - a +0 shield (worn)
Wands
 m - a wand of clouds (5)
Scrolls
 g - a scroll of random uselessness {unknown}
 h - a scroll of blinking {unknown}
 i - a scroll of amnesia {unknown}
 j - 2 scrolls of magic mapping {unknown}
 k - a scroll of enchant armour {unknown}
 l - a scroll of enchant weapon {unknown}
 n - a scroll of identify {unknown}
 o - a scroll of fog {unknown}
 p - a scroll of remove curse {unknown}
Potions
 e - a potion of mutation {unknown}
Comestibles
 f - a ration


   Skills:
 + Level 3.3 Fighting
 * Level 2.4 Long Blades
 + Level 3.0 Armour
 + Level 0.8 Dodging
 + Level 3.0 Shields


You had 2 spell levels left.
You didn't know any spells.

Dungeon Overview and Level Annotations

Branches:
Dungeon (3/15)

Altars:
Hepliaklqana


Innate Abilities, Weirdness & Mutations

Your movements are slightly less encumbered by armour. (ER -2)


Message History

You slash the goblin!
You kill the goblin!
You block the gnoll's attack. x2; The gnoll hits you but does no damage.
The gnoll barely misses you. The gnoll hits you but does no damage.
You block the gnoll's attack.
You slash the gnoll!
You kill the gnoll!
You block the gnoll's attack. x2; The gnoll barely misses you.
The worm bites you but does no damage. You block the gnoll's attack. x2
Things that are here:
a spear; a gnoll corpse You are near starving!
You slash the gnoll!
The gnoll is almost dead.
The gnoll barely misses you. You block the gnoll's attack.
You barely miss the gnoll.
The gnoll is almost dead.
You block the gnoll's attack. The gnoll barely misses you. The worm bites you.
You die...

.# .# #..#. ..#
.. #..... ...
#.#...##.
#.###/...# #.
####... ....# #.
.......##..##
#.## #...w....#
#..# #...<....#
##w## #........#
#@g# #.....(..#
##g# #........##
#.#
#.......[.####w##
#.........g.....#
#############...#
#####


You could see 2 worms and 2 gnolls.

Vanquished Creatures
  A gnoll (D:3)
  An adder (D:2)
  2 oozes
  A ball python (D:1)
  2 goblins
  4 hobgoblins (D:2)
  5 bats (D:1)
  A frilled lizard (D:2)
  6 kobolds
  4 rats
27 creatures vanquished.

Notes
Turn   | Place    | Note
-------+----------+-------------------------------------------
     0 | D:1      | Kavrick the Demonspawn Fighter began the quest for the Orb.
     0 | D:1      | Reached XP level 1. HP: 18/18 MP: 1/1
   299 | D:1      | Gained mutation: Your movements are slightly less encumbered by armour. (ER -2) [demonic ancestry]
   299 | D:1      | Reached XP level 2. HP: 19/24 MP: 2/2
   999 | D:2      | Found a hazy altar of Hepliaklqana.
  1147 | D:2      | Reached XP level 3. HP: 24/29 MP: 3/3
  1670 | D:3      | Slain by a worm

Vault maps used:
D:1:      lightli_arrival_statuegarden, minmay_pentomino_p2
D:2:      old_standard_altar
D:3:      chequers_temple_overflow_statue_of_worship, minmay_quantized

Skill      XL: |  1  2  3 |
---------------+----------+-----
Long Blades    | 2 |  2.4
Armour         | 3 |  3.0
Shields        | 3 |  3.0
Fighting       | |  3.3
Dodging        | |  0.8

Action                   || total
-------------------------++-------
Melee: Long sword        ||   103
  Use: Potion            ||     1
  Eat: Chunk             ||     1
Armor: Scale mail        ||    70
Dodge: Dodged            ||    40
Block: Shield            ||    82
       Rpst.: Long sword ||    10

Table legend:
 A = Spawn XP
 B = Non-spawn XP
 C = Spawn XP percentage of total XP
 D = Spawn monster count
 E = Non-spawn monster count
 F = Spawn count percentage of total count
 G = Total turns spent on level
                    A         B        C        D         E        F      G
               +---------+---------+-------+---------+---------+-------+---------
         Total |       0 |      73 |   0.0 |       0 |      27 |   0.0 |  1670
               +---------+---------+-------+---------+---------+-------+---------
           D:1 |       0 |      18 |   0.0 |       0 |      11 |   0.0 |   731
           D:2 |       0 |      39 |   0.0 |       0 |      14 |   0.0 |   909
           D:3 |       0 |      16 |   0.0 |       0 |       2 |   0.0 |    30
               +---------+---------+-------+---------+---------+-------+---------
